 Dungeon Crawl Stone Soup version 0.26.0-45-g9c1d065592 (webtiles) character file.

Game seed: 932815883017470944

(classic levelgen) 37 thiole the Magician (level 3, -8/23 HPs)
             Began as an Octopode Hedge Wizard on Feb 1, 2021.
             Shot with an arrow by a centaur (16 damage)
             ... on level 2 of the Dungeon.
             The game lasted 00:01:06 (1609 turns).

thiole the Magician (Octopode Hedge Wizard)         Turns: 1609, Time: 00:01:06

Health: -8/23      AC:  1    Str:  9    XL:     3   Next: 41%
Magic:  3/7        EV: 13    Int: 17    God:
Gold:   91         SH:  0    Dex: 11    Spells: 7/8 levels left

rFire    . . .     SeeInvis .   a - +0 dagger
rCold    . . .     Faith    .   (no shield)
rNeg     . . .     Spirit   .   b - +0 hat
rPois    .         Reflect  .   (no amulet)
rElec    .         Harm     .   (no ring)
rCorr    .         Rampage  .   (no ring)
Will     .....                  (no ring)
Stlth    +++.......             (no ring)
HPRegen  0.07/turn              (no ring)
MPRegen  0.10/turn              (no ring)
                                (no ring)
                                (no ring)

@: no status effects
A: almost no armour, stealthy swim, amphibious, 8 rings, constrict 8, camouflage
1, gelatinous body 1
a: no special abilities


You were on level 2 of the Dungeon.
You visited 1 branch of the dungeon, and saw 2 of its levels.

You collected 91 gold pieces.

Inventory:

Hand Weapons
 a - a +0 dagger (weapon)
Missiles
 j - 51 stones
Armour
 b - a +0 hat (worn)
Scrolls
 c - a scroll of remove curse {unknown}
 d - a scroll of magic mapping {unknown}
 f - a scroll of teleportation {unknown}
 g - 2 scrolls of identify {unknown}
 i - 2 scrolls of immolation {unknown}
 k - a scroll of enchant armour {unknown}
Potions
 e - a potion of heal wounds {unknown}
 h - a potion of lignification {unknown}
 l - 2 potions of degeneration {unknown}
 m - a potion of ambrosia {unknown}


   Skills:
 + Level 1.0 Fighting
 - Level 2.0 Dodging
 - Level 2.6 Stealth
 - Level 3.0 Spellcasting
 - Level 3.0 Conjurations
 - Level 1.0 Summonings
 - Level 1.0 Translocations


You had 7 spell levels left.
You knew the following spells:

 Your Spells              Type           Power        Failure   Level
a - Magic Dart            Conj           48%          4%          1

Your spell library contained the following spells:

 Spells                   Type           Power        Failure   Level
 Blink                    Tloc           N/A          17%         2
 Call Imp                 Summ           5%           17%         2
 Slow                     Hex            2%           26%         2
 Conjure Flame            Conj/Fire      7%           28%         3
 Mephitic Cloud           Conj/Pois/Air  5%           34%         3


Dungeon Overview and Level Annotations

Branches:
Dungeon (2/15)

Altars:
Ashenzari
Dithmenos
Elyvilon
Nemelex Xobeh
Zin
The Shining One


Innate Abilities, Weirdness & Mutations

You cannot wear most types of armour.
You are very stealthy in the water. (Stealth+)
You are amphibious.
You can wear up to eight rings at the same time.
You can use your tentacles to constrict eight enemies at once.
Your skin changes colour to match your surroundings (Stealth+).
Your rubbery body absorbs attacks. (AC +1, EV +1)


Message History

Press: ? - help, Shift-Dir - straight line, f/p - centaur
Aim: a centaur, wielding a +0 shortbow, wearing a +0 robe and quivering 9 arrows (lightly wounded, 0% to evade)
The magic dart hits the centaur.
The centaur is lightly wounded.
The centaur shoots an arrow.
The arrow misses you.
A centaur is nearby!
The magic dart hits the centaur.
The centaur is moderately wounded.
The centaur shoots an arrow.
The arrow hits you!
A centaur is nearby!
Casting: Magic Dart (safe; 4% risk of failure)
Confirm with . or Enter, or press ? or * to list all spells.
Aiming: Magic Dart (safe; 4% risk of failure)
Press: ? - help, Shift-Dir - straight line, f/p - centaur
Aim: a centaur, wielding a +0 shortbow, wearing a +0 robe and quivering 7 arrows (moderately wounded, 0% to evade)
The magic dart hits the centaur but does no damage.
The centaur is moderately wounded.
The centaur shoots an arrow.
The arrow hits you!
Ouch! That really hurt!
You die...

##......# #. #_
#.......# ... ##
#.......## ..... #_
#....#...###......##
##.###............#_ #.#
#............## . #.#
#............#_
....##.#####..........##
........@[..#.......# #
#####.......#.......#
#.......#.......#
#.......#.......#####
#.......#........[...
#.......#............
#.....c.#............
........#.......#####
##[..##.#


You could see a centaur.

Vanquished Creatures
  A worm (D:2)
  6 bats
  8 goblins
  5 hobgoblins (D:1)
  5 kobolds (D:1)
  A quokka (D:2)
  A frilled lizard (D:1)
  4 rats (D:1)
31 creatures vanquished.

Notes
Turn   | Place    | Note
-------+----------+-------------------------------------------
     0 | D:1      | thiole the Octopode Hedge Wizard began the quest for the
                  | Orb.
     0 | D:1      | Reached XP level 1. HP: 11/11 MP: 4/4
   193 | D:1      | Reached XP level 2. HP: 16/17 MP: 0/6
   948 | D:1      | Reached XP level 3. HP: 21/21 MP: 5/7
  1166 | D:1      | Found a glowing golden altar of the Shining One.
  1493 | D:2      | Reached skill level 1 in Fighting
  1540 | D:2      | Found a glowing silver altar of Zin.
  1548 | D:2      | Found a sparkling altar of Nemelex Xobeh.
  1549 | D:2      | Found a shadowy altar of Dithmenos.
  1550 | D:2      | Found a broken altar of Ashenzari.
  1552 | D:2      | Found a white marble altar of Elyvilon.
  1605 | D:2      | Noticed a centaur
  1609 | D:2      | Shot with an arrow by a centaur

Illustrated notes

Levels and vault maps discovered:
D:1:      lemuel_arrival_muddy, layout_basic, tso_altar
D:2:      layout_basic, minitemple, uniq_crazy_yiuf_cottage

Skill      XL: |  1  2  3 |
---------------+----------+-----
Conjurations   | 2 3 |  3.0
Fighting       | 1 |  1.0
Dodging        | |  2.0
Stealth        | |  2.6
Spellcasting   | |  3.0
Summonings     | |  1.0
Translocations | |  1.0

Action                   || total
-------------------------++-------
Melee: Dagger            ||    33
       Constrict         ||     9
 Cast: Magic Dart        ||    66
Armor: Skin              ||     4
Dodge: Dodged            ||    39
